NYP
HUDSON VALLEY RENEGADES @ SPOKANE INDIANS
08/24/2049
 
TOP OF THE 1ST
Hudson Valley Renegades batting - Pitching for Spokane Indians : RHP Victor Walshe
Pitching: RHP Victor Walshe
Batting: LHB Dan Hunt 0-0: Ball
1-0: Swinging Strike
1-1: Ball
2-1: Ball
3-1: Base on Balls
Batting: SHB Chris Lockart 0-0: Ball
Dan Hunt steals 2nd base
1-0: Ball
2-0: Ball
3-0: Called Strike
Balk!
Dan Hunt to third
3-1: Ground out U3 (Groundball, 3, EV 86.9 MPH)
Batting: RHB Alex Koral 0-0: Ground out 4-3 (Groundball, 4M, EV 80.0 MPH)
Dan Hunt scores
Batting: LHB Jonathan Spino 0-0: Ball
1-0: Called Strike
1-1: Foul Ball, location: 2F
1-2: Ball
2-2: DOUBLE (Flyball, 8RXD, EV 106.9 MPH)
Batting: RHB Kunizo Yanagisawa 0-0: Called Strike
0-1: Ball
1-1: Foul Ball, location: 2F
1-2: Ground out 2-3 (Groundball, 15S, EV 66.9 MPH)
Top of the 1st over - 1 run, 1 hit, 0 errors, 1 left on base; Hudson Valley 1 - Spokane 0
BOTTOM OF THE 1ST
Spokane Indians batting - Pitching for Hudson Valley Renegades : LHP Kazuyoshi Miyazaki
Pitching: LHP Kazuyoshi Miyazaki
Batting: RHB Melvin Gomez 0-0: Ball
1-0: Called Strike
1-1: Ball
2-1: Ground out 6-3 (Groundball, P, EV 87.5 MPH)
Batting: RHB Tony Rivera 0-0: Reached via error on a dropped throw from 1B, E1 (Groundball, 34, EV 101.9 MPH)
Batting: LHB Yasahiko Teshima 0-0: Ball
1-0: SINGLE (Line Drive, 56D, EV 96.9 MPH)
Tony Rivera to second
Batting: RHB Dale Aubrey 0-0: Ball
1-0: Ball
2-0: Ball
3-0: Base on Balls
Tony Rivera to third
Yasahiko Teshima to second
Batting: RHB Jerry Castillo 0-0: Ball
1-0: Ball
2-0: Called Strike
2-1: Called Strike
2-2: Strikes out swinging
Batting: RHB Zach Koblinski 0-0: Called Strike
0-1: Ball
1-1: SINGLE (Groundball, 6MD, EV 105.6 MPH)
Tony Rivera scores
Yasahiko Teshima to third
Dale Aubrey to second
Runner from 3rd tries for Home, SAFE, throw by CF to home
Batting: RHB Rick Concha 0-0: Called Strike
0-1: Swinging Strike
0-2: Ball
1-2: Ball
2-2: Ball
3-2: Strikes out swinging
Bottom of the 1st over - 2 runs, 2 hits, 1 error, 2 left on base; Hudson Valley 1 - Spokane 2
TOP OF THE 2ND
Hudson Valley Renegades batting - Pitching for Spokane Indians : RHP Victor Walshe
Batting: RHB Joe Hartigan 0-0: Fly out, F7 (Flyball, 7D, EV 102.5 MPH)
Batting: RHB Jon Gonzales 0-0: Foul Ball, location: 2F
0-1: Ground out 5-3 (Groundball, 5, EV 103.1 MPH)
Batting: RHB Devin Brown 0-0: Ball
1-0: SINGLE (Groundball, 56D, EV 100.0 MPH)
Batting: RHB Chris Glavin 0-0: Called Strike
0-1: Foul Ball, location: 2F
0-2: Ball
1-2: Hit by Pitch
Devin Brown to second
Batting: LHB Dan Hunt 0-0: Ball
1-0: Swinging Strike
1-1: Called Strike
1-2: Ball
Wild Pitch!
Devin Brown to third
Chris Glavin to second
2-2: Foul Ball, location: 2F
2-2: Ball
3-2: Base on Balls
Batting: SHB Chris Lockart 0-0: Ball
1-0: Called Strike
1-1: Foul Ball, location: 2F
1-2: Fly out, F7 (Line Drive, 7S, EV 85.0 MPH)
Top of the 2nd over - 0 runs, 1 hit, 0 errors, 3 left on base; Hudson Valley 1 - Spokane 2
BOTTOM OF THE 2ND
Spokane Indians batting - Pitching for Hudson Valley Renegades : LHP Kazuyoshi Miyazaki
Batting: LHB Pablo Cardona 0-0: SINGLE (Groundball, 56D, EV 101.2 MPH)
Batting: LHB Sumiki Okuhara 0-0: Ball
1-0: Ball
2-0: Foul Ball, location: 2F
2-1: Ball
3-1: Swinging Strike
3-2: Fly out, F9 (Flyball, 89D, EV 77.5 MPH)
Batting: RHB Melvin Gomez 0-0: Ball
1-0: Foul Ball, location: 2F
1-1: Ball
2-1: Foul Ball, location: 2F
2-2: Ball
3-2: Base on Balls
Pablo Cardona to second
Batting: RHB Tony Rivera 0-0: Called Strike
0-1: Foul Ball, location: 2F
0-2: SINGLE (Groundball, P, EV 93.1 MPH) (infield hit)
Pablo Cardona to third
Melvin Gomez to second
Batting: LHB Yasahiko Teshima 0-0: Foul Ball, location: 2F
0-1: SINGLE (Groundball, 4MD, EV 95.0 MPH)
Pablo Cardona scores
Melvin Gomez to third
Tony Rivera to second
Runner from 3rd tries for Home, SAFE, throw by CF to home
Batting: RHB Dale Aubrey 0-0: Called Strike
0-1: Foul Ball, location: 2F
0-2: Ball
1-2: Fielders Choice at 2nd, 4-6 (Groundball, 4, EV 97.5 MPH)
Tony Rivera to third
Batting: RHB Jerry Castillo 0-0: Ball
1-0: Fly out, F7 (Flyball, 78S, EV 90.0 MPH)
Bottom of the 2nd over - 2 runs, 3 hits, 0 errors, 2 left on base; Hudson Valley 1 - Spokane 4
TOP OF THE 3RD
Hudson Valley Renegades batting - Pitching for Spokane Indians : RHP Victor Walshe
Batting: RHB Alex Koral 0-0: Ball
1-0: Foul Ball, location: 2F
1-1: Foul Ball, location: 2F
1-2: Foul Ball, location: 2F
1-2: Foul Ball, location: 2F
1-2: Ball
2-2: SINGLE (Line Drive, 34D, EV 98.8 MPH)
Batting: LHB Jonathan Spino 0-0: SINGLE (Groundball, 3D, EV 98.8 MPH)
Alex Koral to second
Runner from 2nd tries for 3rd, SAFE, throw by RF made to third
Jonathan Spino to second
Batting: RHB Kunizo Yanagisawa 0-0: Ball
1-0: Foul Ball, location: 2F
1-1: Foul Ball, location: 2F
1-2: Foul Ball, location: 2F
1-2: Hit by Pitch
Batting: RHB Joe Hartigan 0-0: Called Strike
0-1: Ball
1-1: Swinging Strike
1-2: Ball
2-2: Strikes out swinging
Batting: RHB Jon Gonzales 0-0: Called Strike
0-1: Fly out, F7 (Flyball, 7LM, EV 99.4 MPH)
Runner from 3rd tags up, SCORES, throw by LF
Batting: RHB Devin Brown 0-0: Fielders Choice at 2nd, 5-4 (Groundball, 56, EV 84.4 MPH)
Top of the 3rd over - 1 run, 2 hits, 0 errors, 2 left on base; Hudson Valley 2 - Spokane 4
BOTTOM OF THE 3RD
Spokane Indians batting - Pitching for Hudson Valley Renegades : LHP Kazuyoshi Miyazaki
Batting: RHB Zach Koblinski 0-0: Foul Ball, location: 2F
0-1: Foul Ball, location: 2F
0-2: SINGLE (Groundball, 6MD, EV 95.0 MPH)
Batting: RHB Rick Concha 0-0: Ball
1-0: Swinging Strike
1-1: Ball
2-1: Ball
3-1: Swinging Strike
3-2: Fly out, F7 (Flyball, 7D, EV 81.2 MPH)
Batting: LHB Pablo Cardona 0-0: Ball
1-0: Called Strike
1-1: Ball
2-1: Swinging Strike
2-2: Foul Ball, location: 2F
2-2: Foul Ball, location: 2F
2-2: Foul Ball, location: 2F
2-2: Fielders Choice at 2nd, 6-4 (Groundball, 6, EV 85.6 MPH)
Batting: LHB Sumiki Okuhara 0-0: Called Strike
0-1: Ball
1-1: Ball
2-1: Called Strike
2-2: Ball
3-2: Foul Ball, location: 2F
3-2: SINGLE (Groundball, 3D, EV 100.6 MPH)
Pablo Cardona to second
Pablo Cardona to third
Batting: RHB Melvin Gomez 0-0: Ball
1-0: Swinging Strike
1-1: Ball
2-1: Called Strike
2-2: Ground out 6-3 (Groundball, 6S, EV 83.8 MPH)
Bottom of the 3rd over - 0 runs, 2 hits, 0 errors, 2 left on base; Hudson Valley 2 - Spokane 4
TOP OF THE 4TH
Hudson Valley Renegades batting - Pitching for Spokane Indians : RHP Victor Walshe
Batting: RHB Chris Glavin 0-0: Swinging Strike
0-1: Ball
1-1: Ground out 6-3 (Groundball, 6, EV 93.1 MPH)
Batting: LHB Dan Hunt 0-0: Fly out, F9 (Line Drive, 9LM, EV 93.8 MPH)
Batting: SHB Chris Lockart 0-0: Ball
1-0: Ball
2-0: Called Strike
2-1: Ball
3-1: Foul Ball, location: 2F
3-2: SINGLE (Groundball, 6MS, EV 66.2 MPH) (infield hit)
Batting: RHB Alex Koral 0-0: Ball
1-0: Swinging Strike
1-1: Called Strike
Chris Lockart steals 2nd base (no throw)
1-2: Strikes out swinging
Top of the 4th over - 0 runs, 1 hit, 0 errors, 1 left on base; Hudson Valley 2 - Spokane 4
BOTTOM OF THE 4TH
Spokane Indians batting - Pitching for Hudson Valley Renegades : LHP Kazuyoshi Miyazaki
Batting: RHB Tony Rivera 0-0: Ball
1-0: SINGLE (Groundball, 56D, EV 88.8 MPH) (infield hit)
Batting: LHB Yasahiko Teshima 0-0: Ball
1-0: Called Strike
1-1: Ball
Tony Rivera steals 2nd base
2-1: Ball
3-1: Swinging Strike
3-2: SINGLE (Flyball, 56D, EV 94.4 MPH)
Tony Rivera to third
Batting: RHB Dale Aubrey 0-0: Ball
1-0: Fly out, F8 (Flyball, 8RD, EV 99.4 MPH)
Batting: RHB Jerry Castillo 0-0: Ball
1-0: Ball
2-0: Called Strike
2-1: Called Strike
2-2: Ball
3-2: Foul Ball, location: 2F
3-2: SINGLE (Groundball, 34D, EV 96.2 MPH)
Tony Rivera scores
Yasahiko Teshima to second
Runner from 2nd tries for 3rd, SAFE, no throw by RF
Pitching: LHP John Schmidt
Batting: RHB Zach Koblinski 0-0: Foul Ball, location: 2F
0-1: Ball
1-1: Ball
2-1: Ball
3-1: Foul Ball, location: 2F
3-2: Foul Ball, location: 2F
3-2: Strikes out swinging
Batting: RHB Rick Concha 0-0: Ball
1-0: DOUBLE (Line Drive, 9LM, EV 108.8 MPH)
Yasahiko Teshima scores
Jerry Castillo to third
Runner from 3rd tries for Home, SAFE, throw by RF to home
Batting: LHB Pablo Cardona 0-0: Ball
1-0: Ground out 5-3 (Groundball, 56, EV 90.0 MPH)
Bottom of the 4th over - 3 runs, 4 hits, 0 errors, 1 left on base; Hudson Valley 2 - Spokane 7
TOP OF THE 5TH
Hudson Valley Renegades batting - Pitching for Spokane Indians : RHP Victor Walshe
Batting: LHB Jonathan Spino 0-0: DOUBLE (Flyball, 89XD, EV 100.0 MPH)
Batting: RHB Kunizo Yanagisawa 0-0: SINGLE (Groundball, 6D, EV 100.6 MPH)
Jonathan Spino to third
Runner from 3rd tries for Home, SAFE, throw by CF to home
Batting: RHB Joe Hartigan 0-0: Fly out, F7 (Flyball, 78S, EV 93.8 MPH)
Batting: RHB Jon Gonzales 0-0: Fielders Choice at 2nd, 5-4 (Groundball, 56, EV 81.2 MPH)
Batting: RHB Devin Brown 0-0: Foul Ball, location: 2F
0-1: Swinging Strike
0-2: Strikes out swinging
Top of the 5th over - 1 run, 2 hits, 0 errors, 1 left on base; Hudson Valley 3 - Spokane 7
BOTTOM OF THE 5TH
Spokane Indians batting - Pitching for Hudson Valley Renegades : LHP John Schmidt
Now at 2B: Devin Brown
Now at SS: Joshua Jackson
Batting: LHB Sumiki Okuhara 0-0: Swinging Strike
0-1: Swinging Strike
0-2: Foul Ball, location: 2F
0-2: Ball
1-2: Ball
2-2: Ball
3-2: Strikes out swinging
Batting: RHB Melvin Gomez 0-0: Called Strike
0-1: Called Strike
0-2: Hit by Pitch
Batting: RHB Tony Rivera 0-0: Called Strike
0-1: SINGLE (Popup, 4D, EV 60.6 MPH)
Melvin Gomez to second
Batting: LHB Yasahiko Teshima 0-0: Foul Ball, location: 2F
0-1: Ball
1-1: Ball
2-1: SINGLE (Groundball, 25, EV 71.9 MPH) (infield hit)
Melvin Gomez to third
Tony Rivera to second
Batting: RHB Dale Aubrey 0-0: Foul Ball, location: 2F
0-1: Ball
1-1: Called Strike
1-2: Ball
2-2: Foul Ball, location: 2F
2-2: Foul Ball, location: 2F
2-2: Ball
3-2: Base on Balls
Melvin Gomez scores
Tony Rivera to third
Yasahiko Teshima to second
Batting: RHB Jerry Castillo 0-0: Called Strike
0-1: Ball
1-1: Foul Ball, location: 2F
1-2: Foul Ball, location: 2F
1-2: Foul Ball, location: 2F
1-2: Foul Ball, location: 2F
1-2: Ball
2-2: Ball
3-2: Foul Ball, location: 2F
3-2: SINGLE (Line Drive, 7LM, EV 106.9 MPH)
Tony Rivera scores
Yasahiko Teshima to third
Dale Aubrey to second
Runner from 3rd tries for Home, SAFE, throw by LF to home
Pitching: RHP Brandon Isabell
Batting: RHB Zach Koblinski 0-0: Called Strike
0-1: Ball
1-1: Fielders Choice at 2nd, 5-4 (Groundball, 5, EV 83.8 MPH)
Dale Aubrey to third
Batting: RHB Rick Concha 0-0: Ball
1-0: Ball
2-0: Ball
Wild Pitch!
Dale Aubrey scores
Zach Koblinski to second
3-0: Base on Balls
Batting: LHB Pablo Cardona 0-0: Ball
1-0: Ball
2-0: Ball
3-0: Called Strike
3-1: Base on Balls
Zach Koblinski to third
Rick Concha to second
Batting: LHB Sumiki Okuhara 0-0: Called Strike
0-1: Ball
1-1: Called Strike
1-2: Ball
2-2: Foul Ball, location: 2F
2-2: Ball
3-2: Foul Ball, location: 2F
3-2: Foul Ball, location: 2F
3-2: Base on Balls
Zach Koblinski scores
Rick Concha to third
Pablo Cardona to second
Batting: RHB Melvin Gomez 0-0: Called Strike
0-1: Swinging Strike
0-2: Ball
1-2: Fielders Choice at 2nd, 5-4 (Groundball, 56, EV 100.6 MPH)
Bottom of the 5th over - 5 runs, 3 hits, 0 errors, 3 left on base; Hudson Valley 3 - Spokane 12
TOP OF THE 6TH
Hudson Valley Renegades batting - Pitching for Spokane Indians : RHP Victor Walshe
Batting: RHB Chris Glavin 0-0: Ball
1-0: Foul Ball, location: 2F
1-1: Ball
2-1: Called Strike
2-2: Strikes out swinging
Batting: LHB Dan Hunt 0-0: Fly out, F6 (Line Drive, 56, EV 61.2 MPH)
Batting: SHB Chris Lockart 0-0: Called Strike
0-1: Foul Ball, location: 2F
0-2: Strikes out swinging
Top of the 6th over - 0 runs, 0 hits, 0 errors, 0 left on base; Hudson Valley 3 - Spokane 12
BOTTOM OF THE 6TH
Spokane Indians batting - Pitching for Hudson Valley Renegades : RHP Brandon Isabell
Pitching: RHP Takenori Iwata
Batting: RHB Tony Rivera 0-0: Ball
1-0: Called Strike
1-1: Swinging Strike
1-2: Foul Ball, location: 2F
1-2: SINGLE (Groundball, 4D, EV 95.6 MPH)
Batting: LHB Yasahiko Teshima 0-0: Ball
1-0: Ball
2-0: Ball
3-0: Base on Balls
Tony Rivera to second
Batting: RHB Dale Aubrey 0-0: Swinging Strike
0-1: Ball
1-1: DOUBLE (Line Drive, 9LS, EV 106.9 MPH)
Tony Rivera scores
Yasahiko Teshima to third
Runner from 3rd tries for Home, SAFE, throw by RF to home
Batting: RHB Jerry Castillo 0-0: Called Strike
0-1: Ball
1-1: Ground out 6-3 (Groundball, 56, EV 85.0 MPH)
Batting: RHB Zach Koblinski 0-0: Called Strike
0-1: Ball
1-1: Ball
Wild Pitch!
Dale Aubrey to third
2-1: SINGLE (Groundball, 6MD, EV 98.8 MPH)
Dale Aubrey scores
Batting: RHB Rick Concha 0-0: Ball
1-0: Ball
2-0: Called Strike
2-1: Swinging Strike
2-2: Ball
3-2: Grounds into double play, 6-4-3 (Groundball, 6, EV 80.0 MPH)
Bottom of the 6th over - 3 runs, 3 hits, 0 errors, 0 left on base; Hudson Valley 3 - Spokane 15
TOP OF THE 7TH
Hudson Valley Renegades batting - Pitching for Spokane Indians : RHP Victor Walshe
Pinch Hitting: RHB Jeremy Whitehurst 0-0: Ground out 5-3 (Groundball, 56S, EV 82.5 MPH)
Batting: LHB Jonathan Spino 0-0: Fly out, F9 (Line Drive, 9LM, EV 91.2 MPH)
Batting: SHB Joshua Jackson 0-0: Called Strike
0-1: Ball
1-1: Ball
2-1: Foul Ball, location: 2F
2-2: SINGLE (Groundball, P, EV 91.9 MPH) (infield hit)
Batting: RHB Joe Hartigan 0-0: Ball
Joshua Jackson steals 2nd base (no throw)
1-0: Ball
2-0: Called Strike
2-1: Foul Ball, location: 2F
2-2: Strikes out swinging
Top of the 7th over - 0 runs, 1 hit, 0 errors, 1 left on base; Hudson Valley 3 - Spokane 15
BOTTOM OF THE 7TH
Spokane Indians batting - Pitching for Hudson Valley Renegades : RHP Takenori Iwata
Now at 1B: Jeremy Whitehurst
Pinch Hitting: RHB Vinny Luna 0-0: Called Strike
0-1: Ball
1-1: Ball
2-1: Ground out 6-3 (Groundball, 56, EV 86.2 MPH)
Pinch Hitting: RHB Kevin Whitenack 0-0: SOLO HOME RUN (Flyball, 9D, EV 96.2 MPH), Distance : 355 ft
Batting: RHB Melvin Gomez 0-0: Called Strike
0-1: Swinging Strike
0-2: Ball
1-2: Ball
2-2: Foul Ball, location: 2F
2-2: Foul Ball, location: 2F
2-2: Ball
3-2: Ground out 4-3 (Groundball, 4S, EV 83.1 MPH)
Pitching: LHP Min Xue
Batting: RHB Tony Rivera 0-0: Foul Ball, location: 2F
0-1: Called Strike
0-2: Ball
1-2: Foul Ball, location: 2F
1-2: Ball
2-2: Hit by Pitch
Batting: LHB Yasahiko Teshima 0-0: Ball
Wild Pitch!
Tony Rivera to second
1-0: Ball
2-0: Called Strike
2-1: Called Strike
2-2: Ball
3-2: Base on Balls
Batting: RHB Dale Aubrey 0-0: Foul Ball, location: 2F
0-1: Foul Ball, location: 2F
0-2: Ball
1-2: Ball
Wild Pitch!
Tony Rivera to third
Yasahiko Teshima to second
2-2: Ball
3-2: Foul Ball, location: 2F
3-2: Strikes out swinging
Bottom of the 7th over - 1 run, 1 hit, 0 errors, 2 left on base; Hudson Valley 3 - Spokane 16
TOP OF THE 8TH
Hudson Valley Renegades batting - Pitching for Spokane Indians : RHP Victor Walshe
Pitching: LHP Zachary DeVault
Now in LF: Kevin Whitenack
Now in RF: Vinny Luna
Batting: RHB Jon Gonzales 0-0: Ball
1-0: Ground out 1-3 (Groundball, 13, EV 61.2 MPH)
Batting: RHB Devin Brown 0-0: Called Strike
0-1: Ball
1-1: Fly out, F7 (Flyball, 78M, EV 92.5 MPH)
Batting: RHB Chris Glavin 0-0: Ball
1-0: Ground out 6-3 (Groundball, 6, EV 100.0 MPH)
Top of the 8th over - 0 runs, 0 hits, 0 errors, 0 left on base; Hudson Valley 3 - Spokane 16
BOTTOM OF THE 8TH
Spokane Indians batting - Pitching for Hudson Valley Renegades : LHP Min Xue
Batting: RHB Jerry Castillo 0-0: Ball
1-0: Ball
2-0: Ball
3-0: Called Strike
3-1: Ground out 5-3 (Groundball, 56, EV 85.6 MPH)
Batting: RHB Zach Koblinski 0-0: Called Strike
0-1: Ball
1-1: Swinging Strike
1-2: Ground out 6-3 (Groundball, 6, EV 93.1 MPH)
Batting: RHB Rick Concha 0-0: Called Strike
0-1: Ball
1-1: Ball
2-1: Called Strike
2-2: Hit by Pitch
Batting: RHB Vinny Luna 0-0: Ball
1-0: SINGLE (Flyball, 4MD, EV 95.6 MPH)
Rick Concha to second
Runner from 2nd tries for 3rd, SAFE, throw by CF made to third
Pitching: RHP Bobby Valenzuela
Batting: RHB Kevin Whitenack 0-0: Swinging Strike
0-1: Foul Ball, location: 2F
0-2: Ball
1-2: Reached on error, E6 (Groundball, 6, EV 84.4 MPH)
Rick Concha scores
Vinny Luna to second
Batting: RHB Melvin Gomez 0-0: Called Strike
0-1: Ball
1-1: Called Strike
1-2: Foul Ball, location: 2F
1-2: Fly out, F7 (Line Drive, 78M, EV 110.0 MPH)
Bottom of the 8th over - 1 run, 1 hit, 1 error, 2 left on base; Hudson Valley 3 - Spokane 17
TOP OF THE 9TH
Hudson Valley Renegades batting - Pitching for Spokane Indians : LHP Zachary DeVault
Batting: LHB Dan Hunt 0-0: Called Strike
0-1: Called Strike
0-2: Ball
1-2: Foul Ball, location: 2F
1-2: Ball
2-2: Foul Ball, location: 2F
2-2: Foul Ball, location: 2F
2-2: Foul Ball, location: 2F
2-2: Foul Ball, location: 2F
2-2: Strikes out swinging
Batting: SHB Chris Lockart 0-0: Ball
1-0: Called Strike
1-1: Ball
2-1: Swinging Strike
2-2: Ball
3-2: Foul Ball, location: 2F
3-2: Foul Ball, location: 2F
3-2: Fly out, F8 (Flyball, 78D, EV 101.9 MPH)
Batting: RHB Jeremy Whitehurst 0-0: Called Strike
0-1: Swinging Strike
0-2: Ball
1-2: Ball
2-2: Foul Ball, location: 2F
2-2: Fly out, F8 (Flyball, 89D, EV 90.6 MPH)
Top of the 9th over - 0 runs, 0 hits, 0 errors, 0 left on base; Hudson Valley 3 - Spokane 17
Sunday, July 16th , 2023 - OOTP Baseball 24.6 Build 69